 Dungeon Crawl Stone Soup version 0.30-a0-723-gc1506a1cf0 (webtiles) character file.

Game seed: 5736238918948713838

807 timneilson the Covered (level 7, -3/44 HPs)
             Began as a Gargoyle Fighter on Jan 29, 2023.
             Slain by Duvessa
             ... wielding a +0 short sword
              (8 damage)
             ... on level 4 of the Dungeon.
             The game lasted 00:04:51 (2850 turns).

timneilson the Covered (Gargoyle Fighter)           Turns: 2850, Time: 00:04:51

Health: -3/44      AC: 17    Str: 21    XL:     7   Next: 92%
Magic:  7/7        EV:  6    Int:  9    God:
Gold:   171        SH:  9    Dex:  9    Spells: 6/6 levels left

rFire   . . .      SeeInvis .    a - +1 long sword
rCold   . . .      Faith    .    g - +1 kite shield
rNeg    + . .      Spirit   .    k - +0 chain mail
rPois   ∞          Reflect  .    i - +0 helmet
rElec   +          Harm     .    (no cloak)
rCorr   .          Rampage  .    (no gloves)
Will    .....                    j - +0 pair of boots Stlth
                                 (no amulet)
HPRegen 0.27/turn                (no ring)
MPRegen 0.10/turn                (no ring)

@: no status effects
A: sickness immunity, AC +4, negative energy resistance 1, electricity
resistance, torment resistance 1, petrification resistance
a: no special abilities


You were on level 4 of the Dungeon.
You visited 1 branch of the dungeon, and saw 4 of its levels.

You collected 171 gold pieces.

Inventory:

Hand Weapons
 a - a +1 long sword (weapon)
Armour
 g - a +1 kite shield (worn)
 i - a +0 helmet (worn)
 j - a +0 pair of boots (worn)
 k - a +0 chain mail (worn)
Scrolls
 b - a scroll of magic mapping
 f - 2 scrolls of fear
 m - 2 scrolls of teleportation
Potions
 d - 2 potions of cancellation {unknown}
 e - a potion of ambrosia
 h - a potion of lignification
 l - a potion of heal wounds {unknown}
 n - a potion of magic {unknown}


   Skills:
 + Level 4.6 Fighting
 * Level 4.3 Long Blades
 * Level 5.7 Armour
 + Level 2.0 Dodging
 * Level 5.6 Shields


You had 6 spell levels left.
You didn't know any spells.
Your spell library contained the following spells:

 Spells                   Type           Power      Damage    Failure   Level
 Tukima's Dance           Hex            0%         N/A       100%        3
 Passage of Golubria      Tloc           0%         N/A       100%        4
 Yara's Violent Unravell  Hex/Tmut       0%         3d3       100%        5


Dungeon Overview and Level Annotations

Branches:
Dungeon (4/15)
 Temple: D:4-7

Altars:
Dithmenos
Trog

Annotations:
D:4 Duvessa


Innate Abilities, Weirdness & Mutations

You are immune to sickness and miasma.
Your stone body is resilient. (AC +4)
You are immune to poison.
You resist negative energy. (rN+)
You are resistant to electric shocks. (rElec)
You are resistant to unholy torment.
You are immune to petrification.


Message History

Duvessa is lightly wounded.
You block Duvessa's attack. x2
You hit Duvessa but do no damage.
Duvessa is lightly wounded.
Duvessa hits you but does no damage. Duvessa barely misses you.
You closely miss Duvessa.
Duvessa is lightly wounded.
Your transformation is almost over.
You block Duvessa's attack. Duvessa hits you but does no damage.
You hit Duvessa.
Duvessa is lightly wounded.
Duvessa hits you but does no damage. x2
You hit Duvessa.
Duvessa is moderately wounded.
Duvessa hits you but does no damage. x2
You hit Duvessa.
Duvessa is moderately wounded.
Duvessa hits you but does no damage. Duvessa completely misses you.
You slash Duvessa!
Duvessa is heavily wounded.
You block Duvessa's attack. Duvessa hits you with a +0 short sword!
* * * LOW HITPOINT WARNING * * *
You hit Duvessa but do no damage.
Duvessa is heavily wounded.
You block Duvessa's attack. x2
You hit Duvessa.
Duvessa is heavily wounded.
Duvessa completely misses you. You block Duvessa's attack.
You barely miss Duvessa.
Duvessa is heavily wounded.
You feel less wooden.
Your +0 helmet unmelds from your body.
Your +0 pair of boots unmelds from your body.
Your +0 chain mail unmelds from your body.
You block Duvessa's attack. Duvessa hits you with a +0 short sword.
* * * LOW HITPOINT WARNING * * *
You closely miss Duvessa.
Duvessa is heavily wounded.
Duvessa hits you but does no damage. Duvessa hits you with a +0 short sword!
You die...

#.. #.# ..##.# ..##.#
#.##.# #.##.# #e##.#
#@##.# #.##.######.#
#...........#
####.########
##########.#
#......))..############
##.#######.§§..........#
#......# ##§#..........#
#......###§§§#.........#


You could see Duvessa (berserk).

Vanquished Creatures
  Pikel (D:4)
  A lemure (D:3)
  A necrophage (D:4)
  A scorpion (D:2)
  Dowan (D:4)
  Jessica (D:3)
  An iguana (D:3)
  6 adders
  3 worms
  2 orcs (D:3)
  6 ball pythons
  5 endoplasms
  A giant cockroach (D:1)
  6 goblins
  6 hobgoblins
  4 kobolds
  3 quokkas
  3 bats (D:2)
  4 frilled lizards
  7 rats
63 creatures vanquished.

Notes
Turn   | Place    | Note
-------+----------+-------------------------------------------
     0 | D:1      | timneilson the Gargoyle Fighter began the quest for the
                  | Orb.
     0 | D:1      | Reached XP level 1. HP: 14/14 MP: 1/1
   145 | D:1      | Reached XP level 2. HP: 17/19 MP: 2/2
   632 | D:1      | Reached XP level 3. HP: 10/23 MP: 3/3
  1223 | D:2      | Reached XP level 4. HP: 28/28 MP: 4/4
  1320 | D:2      | Noticed a scorpion
  1326 | D:2      | Killed a scorpion
  1327 | D:2      | Reached skill level 1 in Dodging
  1327 | D:2      | Reached XP level 5. HP: 21/33 MP: 5/5
  1664 | D:3      | Noticed Jessica
  1689 | D:3      | Killed Jessica
  1819 | D:3      | Found a bloodstained altar of Trog.
  2364 | D:3      | Reached XP level 6. HP: 38/38 MP: 6/6
  2607 | D:4      | Noticed Pikel
  2725 | D:4      | Noticed Dowan
  2745 | D:4      | Killed Dowan
  2760 | D:4      | Killed Pikel
  2761 | D:4      | Reached skill level 5 in Armour
  2761 | D:4      | Reached skill level 5 in Shields
  2761 | D:4      | Reached XP level 7. HP: 33/44 MP: 7/7
  2767 | D:4      | Found a shadowy altar of Dithmenos.
  2816 | D:4      | Noticed Duvessa
  2850 | D:4      | Slain by Duvessa

Illustrated notes

Levels and vault maps discovered:
D:1:      zelgadis_glass_arrival_small, layout_basic
D:2:      layout_loops_cross, minmay_hexomino_u4
D:3:      layout_basic, trog_three_pillars_becter, uniq_jessica
D:4:      layout_basic, grunt_dithmenos_smoke_and_mirrors, lemuel_tele_altar,
          hellmonk_ghost_happy_afterlife, uniq_pikel, uniq_edmund, uniq_grinder,
          uniq_duvessa

Skill      XL: |  1  2  3  4  5  6 |
---------------+-------------------+-----
Long Blades    | 2 3 4 |  4.3
Armour         | 4 5 |  5.7
Dodging        | 1 2 |  2.0
Shields        | 4 5 |  5.6
Fighting       | 4 |  4.6

Action                     |  1- 3 |  4- 6 |  7- 9 || total
---------------------------+-------+-------+-------++-------
  Melee: Long sword        |   137 |   211 |    28 ||   376
    Use: Scroll            |     3 |     8 |       ||    11
         Potion            |       |     2 |     4 ||     6
 Armour: Scale mail        |    89 |    44 |       ||   133
         Chain mail        |       |    82 |     7 ||    89
         Skin              |       |       |    14 ||    14
  Dodge: Dodged            |    79 |    72 |     8 ||   159
  Block: Buckler           |    10 |       |       ||    10
         Kite shield       |    31 |   102 |    20 ||   153

Table legend: (Time is in decaauts)
 A = Elapsed time spent in this place.
 B = Non-inter-level travel time spent in this place.
 C = Inter-level travel time spent in this place.
 D = Time resting spent in this place.
 E = Time spent auto-exploring this place.
 F = Levels seen in this place.
 G = Mean time per level.
                   A        B        C        D        E       F      G
               +--------+--------+--------+--------+--------+-----+--------+
         Total |   2998 |   2889 |    109 |     17 |   1984 |   4 |  749.5 |
       Dungeon |   2998 |   2889 |    109 |     17 |   1984 |   4 |  749.5 |
               +--------+--------+--------+--------+--------+-----+--------+

Top non-repeatable levels by time:
     D:2: 1016 daAuts
     D:3: 983 daAuts
     D:1: 686 daAuts
     D:4: 312 daAuts
